 Dungeon Crawl Stone Soup version 0.28-a0-563-gf77a47075d (webtiles) character file.

Game seed: 13786113258868386180

1693 miscthings the Slicer (level 9, -2/57 (64) HPs)
             Began as a Barachi Cinder Acolyte on Sept 29, 2021.
             Was a Believer of Ignis.
             Slain by a wight (3 damage)
             ... on level 6 of the Dungeon.
             The game lasted 00:08:30 (4533 turns).

miscthings the Slicer (Barachi Cinder Acolyte)      Turns: 4533, Time: 00:08:31

HP:   -2/57 (64)    AC:  6    Str: 15    XL:     9   Next: 2%
MP:   3/13          EV: 11    Int: 14    God:    Ignis [**....]
Gold: 253           SH:  0    Dex: 12    Spells: 12/14 levels left

rFire   + + .      SeeInvis .   h - +1 short sword (holy)
rCold   x . .      Faith    .   (no shield)
rNeg    . . .      Spirit   .   q - +0 animal skin
rPois   .          Reflect  .   p - +2 helmet
rElec   .          Harm     .   k - +0 cloak
rCorr   .          Rampage  .   (no gloves)
Will    .....                   (no boots)
Stlth   +.........              (no amulet)
HPRegen 0.19/turn               f - ring of fire
MPRegen 0.13/turn               (no ring)

@: heavily drained, slow
A: amphibious, slowness 1, strong legs 1, +LOS
a: Hop, Renounce Religion, Sea of Fire, Foxfire Swarm, Rising Flame


You were on level 6 of the Dungeon.
You worshipped Ignis.
Ignis was pleased with you.
You visited 1 branch of the dungeon, and saw 6 of its levels.

You collected 253 gold pieces.

Inventory:

Hand Weapons
 a - a -1 falchion of flaming
 h - a +1 short sword of holy wrath (weapon)
 y - a +3 long sword of freezing
Missiles
 r - a throwing net
Armour
 k - a +0 cloak (worn)
 p - a +2 helmet (worn)
 q - a +0 animal skin (worn)
 x - +0 acid dragon scales
Jewellery
 f - a ring of fire (left hand)
Wands
 i - a wand of digging (5)
Scrolls
 b - a scroll of enchant weapon {unknown}
 d - 2 scrolls of teleportation
 e - a scroll of acquirement {unknown}
 m - a scroll of brand weapon {unknown}
 n - 2 scrolls of vulnerability
 s - a scroll of identify {@r1}
 v - a scroll of amnesia {unknown}
 w - a scroll of magic mapping {unknown}
Potions
 c - a potion of haste {unknown}
 g - a potion of heal wounds {unknown}
 j - 3 potions of mutation {unknown}
 l - 4 potions of curing {unknown}
 t - a potion of brilliance {unknown}
 u - 2 potions of flight {unknown}


   Skills:
 - Level 3.6 Fighting
 - Level 10.9(11.1) Short Blades
 + Level 4.0(8.6) Long Blades
 - Level 3.3 Spellcasting
 - Level 4.9 Fire Magic


You had 12 spell levels left.
You knew the following spells:

 Your Spells              Type           Power      Damage    Failure   Level
a - Scorch                Fire           48%        2d7       4%          2

Your spell library contained the following spells:

 Spells                   Type           Power      Damage    Failure   Level
 Call Canine Familiar     Summ           2%         N/A       54%         3
 Portal Projectile        Hex/Tloc       4%         N/A       54%         3
 Leda's Liquefaction      Hex/Erth       1%         N/A       91%         4


Dungeon Overview and Level Annotations

Branches:
Dungeon (7/15)
 Temple: D:4-7

Altars:
Uskayaw
Xom

Shops:
D:1 !   D:2 :

Annotations:
D:3 2 transporters, bearlyready's ghost, novice GnCA
D:6 1 runed translucent door, ytrimaz's ghost, novice OgHu


Innate Abilities, Weirdness & Mutations

You are amphibious.
You cover ground slowly.
You can hop short distances.
You have an extended range of vision and can be seen from far away.


Message History

a +2 halberd of flaming; the human skeleton of Maggie
Items here: )) [[.
The wight is no longer more vulnerable to fire.
You see here a +2 short sword of protection.
The ogre is no longer more vulnerable to fire.
Your +3 long sword of freezing stops glowing.
Your +1 short sword of holy wrath softly glows with a divine radiance!
h - a +1 short sword of holy wrath (weapon)
The wight hits you from afar with a +4 trident of freezing!
You feel drained. The wight freezes you.
The wight hits you with a +4 trident of freezing.
You feel drained. The wight freezes you.
You see here a +2 short sword of protection.
You barely miss the wight.
The wight is heavily damaged.
The wight hits you with a +4 trident of freezing.
* * * LOW HITPOINT WARNING * * *
The wight freezes you.
* * * LOW HITPOINT WARNING * * *
You hit the wight but do no damage.
The wight is heavily damaged.
You barely miss the wight.
The wight is heavily damaged.
The wight barely misses you.
You hit the wight but do no damage.
The wight is heavily damaged.
You hit the wight.
The wight convulses.
The wight is almost destroyed.
The wight hits you with a +4 trident of freezing!
* * * LOW HITPOINT WARNING * * *
The wight freezes you.
* * * LOW HITPOINT WARNING * * *
You barely miss the wight.
The wight is almost destroyed.
You hit the wight but do no damage.
The wight is almost destroyed.
The wight hits you with a +4 trident of freezing.
* * * LOW HITPOINT WARNING * * *
The wight freezes you.
You die...

#.###.# #.#...# ####.#.###
#......##########
#..|............. #######
#.....##...###### #.....#
#................
##.....##########zO[..##...######
................@#######...#
##.....###..##...# #.......#
............##...# #....O..#
.#########.###...# #.......#
..[.........###)## #.......#
##########..# ..# #.......# #..#
### #....)....# #..# #......####
#..# #####.##


You could see an ogre and a wight.

Vanquished Creatures
  Maggie (D:6)
  Sigmund (D:6)
  A water moccasin (D:7)
  4 ogres
  A necrophage (D:4)
  2 phantoms
  A kobold brigand (D:7)
  A scorpion (D:6)
  4 wights (D:6)
  Crazy Yiuf (D:2)
  A centaur skeleton (D:6)
  A bullfrog skeleton (D:6)
  An orc wizard (D:3)
  Robin (D:3)
  3 gnolls (D:3)
  5 adders
  2 dart slugs
  11 orcs
  3 ball pythons
  5 bats
  4 endoplasms
  4 giant cockroaches
  17 goblins
  8 hobgoblins
  4 jackals (D:1)
  14 kobolds
  A quokka (D:4)
  A frilled lizard (D:1)
  A rat (D:3)
104 creatures vanquished.

Vanquished Creatures (collateral kills)
  5 foxfires (D:2)
5 creatures vanquished.

Vanquished Creatures (others)
  A bat (D:2)
  61 foxfires
  A fungus (D:2)
63 creatures vanquished.

Grand Total: 172 creatures vanquished

Notes
Turn   | Place    | Note
-------+----------+-------------------------------------------
     0 | D:1      | miscthings the Barachi Cinder Acolyte began the quest for
                  | the Orb.
     0 | D:1      | Reached XP level 1. HP: 18/18 MP: 2/2
   156 | D:1      | Found Xued's Distillery.
   294 | D:1      | Reached XP level 2. HP: 22/24 MP: 4/4
   326 | D:1      | Learned a level 2 spell: Scorch
   678 | D:1      | Reached XP level 3. HP: 29/29 MP: 3/6
   830 | D:1      | Found a faded altar of an unknown god.
  1373 | D:2      | Found a runed translucent door.
  1374 | D:2      | Noticed Crazy Yiuf
  1387 | D:2      | Killed Crazy Yiuf
  1388 | D:2      | Reached XP level 4. HP: 24/36 MP: 0/8
  1513 | D:2      | Found a hide-covered altar of Uskayaw.
  1761 | D:2      | Found Ago Suvo's Book Shop.
  2165 | D:3      | Reached XP level 5. HP: 26/41 MP: 6/9
  2175 | D:3      | Noticed Robin
  2373 | D:3      | Noticed a phantom
  2381 | D:3      | Killed a phantom
  2382 | D:3      | Reached skill level 2 in Short Blades
  2518 | D:3      | Reached skill level 3 in Short Blades
  2574 | D:3      | Killed Robin
  2575 | D:3      | Reached XP level 6. HP: 14/47 MP: 0/10
  2793 | D:3      | You fall into a shaft and drop 1 floor!
  2889 | D:3      | Found a transporter.
  2889 | D:3      | Noticed bearlyready's ghost (novice GnCA)
  2890 | D:3      | Found a transporter.
  2939 | D:3      | Reached skill level 4 in Short Blades
  3353 | D:4      | Noticed a necrophage
  3359 | D:4      | Killed a necrophage
  3394 | D:4      | Reached skill level 5 in Short Blades
  3547 | D:4      | You fall into a shaft and drop 3 floors!
  3547 | D:7      | Noticed a water moccasin
  3553 | D:7      | Killed a water moccasin
  3554 | D:7      | Reached XP level 7. HP: 52/52 MP: 4/11
  3570 | D:7      | Reached skill level 6 in Short Blades
  3591 | D:7      | Reached skill level 7 in Short Blades
  3822 | D:6      | Reached skill level 8 in Short Blades
  3822 | D:6      | Reached XP level 8. HP: 59/59 MP: 5/12
  4113 | D:6      | Found a runed translucent door.
  4114 | D:6      | Noticed a +0 war axe of chaos
  4115 | D:6      | Found a shimmering altar of Xom.
  4115 | D:6      | Noticed ytrimaz's ghost (novice OgHu)
  4257 | D:6      | Noticed Sigmund
  4257 | D:6      | Noticed Maggie
  4269 | D:6      | Killed Maggie
  4270 | D:6      | Reached skill level 9 in Short Blades
  4300 | D:6      | Reached skill level 10 in Short Blades
  4300 | D:6      | Killed Sigmund
  4382 | D:6      | Reached XP level 9. HP: 63/64 MP: 1/13
  4533 | D:6      | HP: 1/57 [wight (3)]
  4533 | D:6      | Slain by a wight

Illustrated notes

Levels and vault maps discovered:
D:1:      matt_arrival_diagonals, layout_basic, serial_shops, shop,
          shapermc_ecumenical_altar_ellora, columned_hall_lemuel
D:2:      layout_loops_ring, serial_shops, shop, basic_altar,
          kennysheep_generic_room_5, uniq_crazy_yiuf_cottage
D:3:      layout_loops_cross, gammafunk_ghost_arena, uniq_robin
D:4:      layout_basic, mainiacjoe_overflow_alcove_3, serial_curves,
          eino_curves_03, eino_curves_02
D:6:      layout_basic, ebering_ghost_xom, uniq_maggie, uniq_sigmund
D:7:      layout_rooms, nicolae_kikubaaqudgha_miasma_corner, demons_altar,
          minmay_temple_entry_proselytizer

Skill      XL: |  1  2  3  4  5  6  7  8  9 |
---------------+----------------------------+-----
Spellcasting   | 2 3 |  3.3
Fire Magic     | 4 |  4.9
Short Blades   | 3 5 8 10 | 10.9
Long Blades    | 4 |  4.0
Fighting       | |  3.6

Action                   |  1- 3 |  4- 6 |  7- 9 || total
-------------------------+-------+-------+-------++-------
Melee: Falchion          |    55 |    70 |       ||   125
       Short sword       |       |    30 |    63 ||    93
 Cast: Scorch            |    11 |    48 |    34 ||    93
Invok: Foxfire Swarm     |     1 |     2 |     3 ||     6
       Sea of Fire       |       |       |     1 ||     1
 Abil: Hop               |     1 |     3 |       ||     4
  Use: Scroll            |       |       |     3 ||     3
Armor: Robe              |     8 |    27 |       ||    35
       Animal skin       |       |    17 |    28 ||    45
Dodge: Dodged            |    38 |    66 |    37 ||   141

Table legend: (Time is in decaauts)
 A = Elapsed time spent in this place.
 B = Non-inter-level travel time spent in this place.
 C = Inter-level travel time spent in this place.
 D = Time resting spent in this place.
 E = Time spent auto-exploring this place.
 F = Levels seen in this place.
 G = Mean time per level.
                   A        B        C        D        E       F      G
               +--------+--------+--------+--------+--------+-----+--------+
         Total |   5152 |   4859 |    293 |    932 |   2889 |   6 |  858.7 |
       Dungeon |   5152 |   4859 |    293 |    932 |   2889 |   6 |  858.7 |
               +--------+--------+--------+--------+--------+-----+--------+

Top non-repeatable levels by time:
     D:2: 1334 daAuts
     D:1: 1325 daAuts
     D:3: 1138 daAuts
     D:6: 975 daAuts
     D:4: 283 daAuts
     D:7: 95 daAuts
